 Dungeon Crawl Stone Soup version 0.26.0-10-g1f06aea511 (webtiles) character file.

Game seed: 17973294634131155925

2846 Dani the Fighter (level 9, -1/98 HPs)
             Began as an Ogre Artificer on Jan 30, 2021.
             Was a Follower of Okawaru.
             Killed by divine providence
             ... invoked by an orc priest
              (11 damage)
             ... on level 8 of the Dungeon.
             The game lasted 00:31:19 (12266 turns).

Dani the Fighter (Ogre Artificer)                  Turns: 12266, Time: 00:31:20

Health: -1/98      AC:  4    Str: 21    XL:     9   Next: 74%
Magic:  0/11       EV: 12    Int: 18    God:    Okawaru [*.....]
Gold:   388        SH:  0    Dex:  9    Spells: 8/8 levels left

rFire    . . .     SeeInvis .   i - +1 whip (elec)
rCold    . . .     Faith    .   (no shield)
rNeg     . . .     Spirit   +   b - +1 robe
rPois    +         Reflect  .   (helmet restricted)
rElec    .         Harm     .   (no cloak)
rCorr    .         Rampage  .   (gloves unavailable)
Will     .....                  (boots unavailable)
Stlth    +++.......             h - amulet of guardian spirit
HPRegen  0.26/turn              p - +6 ring of intelligence
MPRegen  0.12/turn              o - ring of poison resistance

@: heroism, very slightly contaminated, invisible
A: large, unfitting armour, tough skin 1
a: Renounce Religion, Heroism


You were on level 8 of the Dungeon.
You worshipped Okawaru.
Okawaru was aware of your devotion.
You visited 2 branches of the dungeon, and saw 9 of its levels.
You also visited: Ossuary.

You collected 388 gold pieces.

Inventory:

Hand Weapons
 a - a +0 club
 c - a +0 whip
   (You found it on level 1 of the Dungeon)
 i - a +1 whip of electrocution (weapon)
   (You took it off a kobold on level 1 of the Dungeon)
 m - a +3 spectral club
   (You took it off Jessica on level 2 of the Dungeon)
Missiles
 n - 60 poisoned darts
 Z - a throwing net
Armour
 b - a +1 robe (worn)
Jewellery
 h - an amulet of guardian spirit (around neck)
   (You found it on level 1 of the Dungeon)
 o - a ring of poison resistance (right hand)
   (You found it on level 5 of the Dungeon)
 p - a +6 ring of intelligence (left hand)
   (You found it in an ossuary)
Wands
 e - a wand of random effects (43) (quivered)
 w - a wand of polymorph (8)
   (You found it on level 7 of the Dungeon)
 E - a wand of enslavement (10)
 V - a wand of flame (19)
Scrolls
 j - 3 scrolls of enchant armour
 l - 2 scrolls of amnesia {unknown}
 q - a scroll of magic mapping {unknown}
 r - a scroll of fog
 t - 2 scrolls of enchant weapon
 v - a scroll of immolation {unknown}
 N - 6 scrolls of remove curse {@r2}
 R - a scroll of identify {@r1}
Potions
 f - 3 potions of brilliance
 g - 2 potions of resistance {unknown}
 k - 2 potions of flight {unknown}
 s - a potion of magic {unknown}
 u - a potion of ambrosia {unknown}
 Q - 4 potions of curing {@q1}


   Skills:
 + Level 9.2(14.2) Fighting
 * Level 9.1(14.1) Maces & Flails
 + Level 2.1(7.1) Armour
 - Level 2.1(7.1) Dodging
 - Level 0.6(5.6) Stealth
 + Level 2.7 Invocations
 + Level 3.3 Evocations


You had 8 spell levels left.
You didn't know any spells.
Your spell library was empty.

Dungeon Overview and Level Annotations

Branches:
Dungeon (8/15)             Temple (1/1) D:6         Ossuary (visited)
   Lair: D:8-11

Altars:
Cheibriados
Dithmenos
Elyvilon
Fedhas
Gozag
Hepliaklqana
Kikubaaqudgha
Makhleb
Nemelex Xobeh
Okawaru
Qazlal
Ru
Sif Muna
Trog
Vehumet
Wu Jian
Xom
Yredelemnul
Zin

Shops:
D:4 *

Annotations:
D:3 exclusions: 2 iron imps and 1 more exclusion


Innate Abilities, Weirdness & Mutations

You are too large for most types of armour.
You have tough skin. (AC +1)


Message History

Items here: )) [[.
You start resting.
Magic restored.
You start resting.
A wight comes into view. It is wielding a +3 halberd.
Things that are here:
a +0 dagger; a cursed +0 robe The wight barely misses you.
The wight hits you but does no damage.
You hit the wight. Lightning courses through the wight!!
You destroy the wight!
Okawaru accepts your kill.
No target in view!
Things that are here:
a +3 halberd; a +0 robe Magic restored.
HP restored.
You now have 388 gold pieces (gained 7).
j - 3 scrolls of enchant armour (gained 2) As you open the door, it creaks loudly!
There is an open door here.
You open the door.
There is an open door here.
Found a pair of boots.
A warg comes into view.
The warg howls!
You hear a shout!
An orc priest comes into view. It is wielding a +0 short sword.
An orc comes into view. It is wielding a +0 dagger.
An adder comes into view.
You hear a shout!
The orc shouts!
You hear a shout! x2
You start waiting.
A warg is nearby!
You closely miss the warg. The warg bites you but does no damage.
You hit the warg but do no damage. You hit the warg but do no damage.
The warg stops to sniff the ground.
The warg bites you.
You closely miss the warg. The warg bites you.
You closely miss the warg. The warg bites you!
You hit the warg.
The warg is lightly wounded.
The warg closely misses you.
You hit the warg.
The warg is lightly wounded.
The warg bites you.
You barely miss the warg.
The warg is lightly wounded.
You hit the warg.
The warg is moderately wounded.
The warg bites you!
You barely miss the warg.
The warg is moderately wounded.
The warg bites you!
* * * LOW HITPOINT WARNING * * *
You hit the warg but do no damage. Lightning courses through the warg!
The warg is severely wounded.
The warg bites you!
* * * LOW HITPOINT WARNING * * *
You are too injured to fight recklessly!
You closely miss the warg.
The warg is severely wounded.
The warg bites you but does no damage.
You completely miss the warg.
The warg is severely wounded.
The warg bites you but does no damage.
Evoke which item? (* to show all) (? for menu, Esc to quit)
Aiming: Enslavement
Press: ? - help, Shift-Dir - straight line, f - warg
Aim: a warg (severely wounded, chance to affect: 37%)
The warg resists with some effort.
The warg bites you!
* * * LOW HITPOINT WARNING * * *
An orc warrior comes into view. It is wielding a +0 long sword.
The orc priest calls down the wrath of Beogh upon you.
Beogh smites you!
* * * LOW HITPOINT WARNING * * *
Okay, then.
You fade into invisibility!
The warg bites you!
* * * LOW HITPOINT WARNING * * *
The orc priest calls down the wrath of Beogh upon you.
The orc writhes in agony.
The orc shouts!
You are very lightly contaminated with residual magic.
You gain the combat prowess of a mighty hero.
The orc warrior shouts!
The warg bites you.
* * * LOW HITPOINT WARNING * * *
The warg barely misses you.
You hear a loud, deep croak!
Things that are here:
a +3 halberd; a +0 robe You hit the warg.
The warg is severely wounded.
The warg bites you!
* * * LOW HITPOINT WARNING * * *
You barely miss the warg.
The warg is severely wounded.
The orc priest invokes the aid of Beogh against you.
Beogh smites you!
You die...

#.#.#.#...........
#.....#..###..[..o
###+#####'###..# .#h..
...............# # S
...............#
#############.## #
################.o###..#
............))...h.....#
.............)..@o..#.##
##........#######.#.#
.....<....### #.....
............# ##.....
....†....[..# ....S..
+####+###...# #......
#...# o#'### #...# ...#
#####


You could see a warg, an orc warrior, an orc priest, an adder and an orc.

Vanquished Creatures
  Menkaure (D:7)
  2 water moccasins
  2 sky beasts
  2 ogres
  A centaur (D:6)
  6 bullfrogs
  11 scorpions
  3 wights (D:8)
  3 jellies (D:7)
  A howler monkey (D:6)
  2 centaur zombies (Ossuary)
  A bullfrog zombie (D:5)
  2 hounds
  3 human zombies (Ossuary)
  An iron imp (D:3)
  3 orc wizards
  Terence (D:2)
  Jessica (D:2)
  2 iguanas
  4 worker ants
  3 mummies (Ossuary)
  A howler monkey skeleton (D:5)
  10 adders
  6 scorpion zombies (Ossuary)
  2 shadow imps
  3 white imps
  2 ufetubi (D:7)
  2 oozes
  2 worms
  A dart slug (D:1)
  9 leopard geckos
  10 orcs
  8 giant cockroaches
  4 gnoll zombies (Ossuary)
  6 goblins
  11 hobgoblins
  15 jackals
  2 quokkas
  2 ball pythons
  9 bats
  5 frilled lizards
  A goblin zombie (Ossuary)
  A jackal zombie (D:7)
  11 kobolds
  2 kobold zombies (Ossuary)
  2 orc zombies (Ossuary)
  8 rats
190 creatures vanquished.

Vanquished Creatures (collateral kills)
  A dart slug (D:3)
  An orc (D:6)
2 creatures vanquished.

Vanquished Creatures (others)
  A scorpion (Ossuary)
  An orc (D:6)
  A goblin zombie (Ossuary)
  An orc zombie (Ossuary)
  2 plants
6 creatures vanquished.

Grand Total: 198 creatures vanquished

Notes
Turn   | Place    | Note
-------+----------+-------------------------------------------
     0 | D:1      | Dani the Ogre Artificer began the quest for the Orb.
     0 | D:1      | Reached XP level 1. HP: 19/19 MP: 1/1
   599 | D:1      | Reached skill level 1 in Maces & Flails
   607 | D:1      | Reached XP level 2. HP: 28/28 MP: 2/2
   708 | D:1      | Reached skill level 2 in Fighting
  1082 | D:1      | Reached XP level 3. HP: 29/36 MP: 3/3
  1426 | D:1      | Reached skill level 2 in Maces & Flails
  1556 | D:2      | Noticed Terence
  2228 | D:2      | Noticed Jessica
  2262 | D:2      | Killed Jessica
  2263 | D:2      | Reached skill level 3 in Fighting
  2263 | D:2      | Reached XP level 4. HP: 17/45 MP: 4/4
  2591 | D:2      | Reached skill level 3 in Maces & Flails
  2699 | D:2      | HP: 11/45 [Terence/+0 flail (8)]
  2701 | D:2      | Killed Terence
  2702 | D:2      | Reached XP level 5. HP: 14/53 MP: 5/5
  2705 | D:2      | HP: 12/53 [hobgoblin/+0 club (2)]
  3787 | D:3      | Noticed an ogre
  3810 | D:3      | Killed an ogre
  3811 | D:3      | Reached skill level 4 in Fighting
  3811 | D:3      | Reached skill level 4 in Maces & Flails
  3811 | D:3      | Reached XP level 6. HP: 63/63 MP: 6/6
  4036 | D:3      | Noticed a water moccasin
  4412 | D:4      | Found Resocviw's General Store.
  4793 | D:5      | Entered Level 5 of the Dungeon
  4819 | D:5      | Reached skill level 5 in Fighting
  5075 | D:5      | Reached skill level 5 in Maces & Flails
  5135 | D:5      | Reached XP level 7. HP: 70/72 MP: 7/7
  5163 | D:5      | Found a sand-covered staircase.
  5167 | Ossuary  | Entered an ossuary
  6046 | Ossuary  | Reached skill level 6 in Fighting
  6051 | Ossuary  | Reached skill level 6 in Maces & Flails
  6271 | Ossuary  | Reached XP level 8. HP: 56/84 MP: 5/8
  6672 | Ossuary  | Reached skill level 7 in Fighting
  6682 | Ossuary  | Reached skill level 7 in Maces & Flails
  8464 | D:3      | Reached skill level 8 in Fighting
  8797 | D:3      | Reached skill level 8 in Maces & Flails
  9272 | D:3      | Found a burning altar of Makhleb.
  9432 | D:6      | Found a staircase to the Ecumenical Temple.
  9449 | D:6      | Reached XP level 9. HP: 81/97 MP: 7/9
  9452 | Temple   | Entered the Ecumenical Temple
  9563 | Temple   | Became a worshipper of Warmaster Okawaru
  9898 | D:6      | Found a shadowy altar of Dithmenos.
  9900 | D:6      | Found a sacrificial altar of Ru.
  9900 | D:6      | Found an opulent altar of Gozag.
  9901 | D:6      | Found a sparkling altar of Nemelex Xobeh.
  9962 | D:6      | Reached skill level 1 in Invocations
 10085 | D:6      | Reached skill level 1 in Armour
 10792 | D:7      | Noticed Menkaure
 10795 | D:7      | Killed Menkaure
 10795 | D:7      | Reached * piety under Okawaru
 10835 | D:7      | Found a burning altar of Makhleb.
 10937 | D:7      | Reached skill level 3 in Evocations
 11193 | D:7      | Found a snail-covered altar of Cheibriados.
 11250 | D:7      | Reached skill level 2 in Invocations
 11377 | D:7      | Reached skill level 9 in Fighting
 12061 | D:8      | Reached skill level 9 in Maces & Flails
 12081 | D:8      | Reached skill level 2 in Armour
 12262 | D:8      | HP: 24/98 [warg (9)]
 12265 | D:8      | HP: 10/98 [warg (11)]
 12266 | D:8      | Killed from afar by an orc priest

Illustrated notes

Levels and vault maps discovered:
D:1:      tarquinn_simple_flora_water_d, layout_loops_ring,
          serial_bayou_lagoon_b
D:2:      layout_basic, st_stairs_1, kennysheep_doodads, uniq_terence,
          uniq_jessica
D:3:      minmay_razor_zed, layout_basic, demons_altar, st_stairs_6
D:4:      layout_layer_cave, serial_shops, shop_fountains
D:5:      layout_rooms, nicolae_ossuary_entry_plus
D:6:      layout_loops_ring, grunt_temple_overflow_open,
          minmay_temple_entry_trees
D:7:      layout_gridville, general_overflow_altar, basic_altar, uniq_menkaure
D:8:      minmay_the_grid_square_5x5_3x3 [minmay_the_grid_square_5x5_bite,
          minmay_the_grid_square_5x5_eight_small,
          minmay_the_grid_square_5x5_shrine1, minmay_the_grid_square_5x5_n,
          minmay_the_grid_square_5x5_megaprize_crossed,
          minmay_the_grid_square_5x5_slash,
          minmay_the_grid_square_5x5_checkered,
          minmay_the_grid_square_5x5_corner,
          minmay_the_grid_square_5x5_two_walls_a], layout_basic,
          eat_drink_and_be_merry_uskayaw, erik_lair_orcish_takeover
Temple:   regret_index_temple_waves

Skill      XL: |  1  2  3  4  5  6  7  8  9 |
---------------+----------------------------+-----
Maces & Flails | 1 2 3 4 5 6 8 9 |  9.1
Fighting       | 2 3 4 5 6 8 9 |  9.2
Invocations    | 2 |  2.7
Armour         | 2 |  2.1
Evocations     | 3 |  3.3
Dodging        | |  2.1
Stealth        | |  0.6

Action                   |  1- 3 |  4- 6 |  7- 9 || total
-------------------------+-------+-------+-------++-------
Melee: Club              |    39 |   188 |   447 ||   674
       Whip              |   147 |       |    59 ||   206
Invok: Heroism           |       |       |     1 ||     1
Evoke: Wand              |       |     8 |     6 ||    14
  Use: Scroll            |       |     7 |     3 ||    10
       Potion            |       |       |     2 ||     2
 Stab: Distracted        |       |     1 |     3 ||     4
       Sleeping          |       |     1 |       ||     1
Armor: Robe              |    72 |    48 |    82 ||   202
Dodge: Dodged            |   138 |    99 |   213 ||   450

Table legend: (Time is in decaauts)
 A = Elapsed time spent in this place.
 B = Non-inter-level travel time spent in this place.
 C = Inter-level travel time spent in this place.
 D = Time resting spent in this place.
 E = Time spent auto-exploring this place.
 F = Levels seen in this place.
 G = Mean time per level.
                   A        B        C        D        E       F      G
               +--------+--------+--------+--------+--------+-----+--------+
         Total |  12284 |  11873 |    411 |   3161 |   6062 |  10 | 1228.4 |
       Dungeon |   9935 |   9568 |    367 |   1549 |   5891 |   8 | 1241.9 |
        Temple |    156 |    112 |     44 |      0 |    107 |   1 |  156.0 |
       Ossuary |   2192 |   2192 |      0 |   1612 |     64 |   1 | 2192.0 |
               +--------+--------+--------+--------+--------+-----+--------+

Top non-repeatable levels by time:
 Ossuary: 2192 daAuts
     D:2: 1869 daAuts
     D:3: 1701 daAuts
     D:7: 1670 daAuts
     D:1: 1632 daAuts
     D:5: 1343 daAuts
     D:6: 871 daAuts
     D:4: 657 daAuts
     D:8: 189 daAuts
  Temple: 156 daAuts

Table legend:
 A = Kills in this place as a percentage of kills in entire the game.
 B = Kills by you in this place as a percentage of kills by you in the entire game.
 C = Kills by friends in this place as a percentage of kills by friends in the entire game.
 D = Other kills in this place as a percentage of other kills in the entire game.
 E = Experience gained in this place as a percentage of experience gained in the entire game.
 F = Experience gained in this place divided by the number of levels of this place that you have seen.
                   A       B       C       D       E      F
               +-------+-------+-------+-------+-------+----------------------
         Total | 100.0 | 100.0 | 100.0 |   N/A | 100.0 | 406.6
       Dungeon |  83.7 |  83.5 | 100.0 |   N/A |  76.8 | 390.4
       Ossuary |  16.3 |  16.5 |   0.0 |   N/A |  23.2 | 943.0
               +-------+-------+-------+-------+-------+----------------------
